[Event "Team 45 45 League T64"]
[Site "Internet Chess Club"]
[Date "2015.03.20"]
[Round "3"]
[White "spand42"]
[Black "deepfort"]
[Result "1-0"]
[WhiteElo "1961"]
[BlackElo "1476"]
[Opening "Sicilian: Sveshnikov variation"]
[ECO "B33"]
[Time "09:18:35"]
[TimeControl "2700+45"]

1. e4 c5 2. Nf3 Nc6 3. d4 cxd4 4. Nxd4 Nf6 5. Nc3 e5 6. Ndb5 d6 7. Bg5 a6 8. Na3
b5 9. Bxf6 gxf6 10. Nd5 f5 11. Bxb5 axb5 12. Nxb5 Qa5+ 13. c3 Kd8 14. a4 fxe4
15. b4 Qa6 16. Ndc7 Qb7 17. Nxa8 Qb8 {Black resigns} 1-0

[Event "Team 45 45 League T64"]
[Site "Internet Chess Club"]
[Date "2015.03.21"]
[Round "3"]
[White "ForkNPin"]
[Black "TerryMalloy"]
[Result "0-1"]
[WhiteElo "1750"]
[BlackElo "1946"]
[Opening "Sicilian: Najdorf, 6.Bg5"]
[ECO "B94"]
[Time "15:00:40"]
[TimeControl "2700+45"]

1. e4 c5 2. Nf3 d6 3. d4 cxd4 4. Nxd4 Nf6 5. Nc3 a6 6. Bg5 Nbd7 7. f4 Qc7 8. Qf3
b5 9. O-O-O e6 10. Kb1 Bb7 11. Bd3 b4 12. Na4 Nc5 13. Bxf6 gxf6 14. Nxc5 dxc5
15. Nb5 axb5 16. Bxb5+ Bc6 17. e5 Rc8 18. f5 Bxb5 19. fxe6 Bc4 20. Qxf6 Rg8 21.
Rd7 Bxe6 22. Rxc7 Rxc7 23. Rd1 Be7 24. Qf3 Ra7 25. b3 Rg5 26. Qc6+ Kf8 27. Qb6
Ra8 28. Qb7 Rc8 29. Qe4 c4 30. Qxh7 Bf5 31. Qh8+ Rg8 32. Qh6+ Ke8 33. Qf4 {White
resigns} 0-1

[Event "Team 45 45 League T64"]
[Site "Internet Chess Club"]
[Date "2015.03.23"]
[Round "3"]
[White "clarinetref"]
[Black "KnightOfLight"]
[Result "1/2-1/2"]
[WhiteElo "1585"]
[BlackElo "1792"]
[Opening "Sicilian: Labourdonnais-Löwenthal variation"]
[ECO "B32"]
[Time "10:01:52"]
[TimeControl "2700+45"]

1. e4 c5 2. Nf3 Nc6 3. d4 cxd4 4. Nxd4 e5 5. Nb3 Nf6 6. Bd3 Be7 7. Nc3 O-O 8.
Bg5 d6 9. Qd2 a5 10. Bb5 Be6 11. Rd1 Bxb3 12. Bxf6 Bxf6 13. axb3 Nd4 14. Bc4 Bg5
15. Qd3 Kh8 16. Ne2 Nxe2 17. Qxe2 Qf6 {Game drawn by mutual agreement} 1/2-1/2

[Event "Team 45 45 League T64"]
[Site "Internet Chess Club"]
[Date "2015.03.23"]
[Round "3"]
[White "Lrn2Mate"]
[Black "losscause"]
[Result "1/2-1/2"]
[WhiteElo "1629"]
[BlackElo "1602"]
[Opening "Budapest: Rubinstein variation"]
[ECO "A52"]
[Time "22:00:21"]
[TimeControl "2700+45"]

1. d4 Nf6 2. c4 e5 3. dxe5 Ng4 4. Bf4 Nc6 5. Nf3 Bb4+ 6. Nbd2 Qe7 7. e3 Ngxe5 8.
Nxe5 Nxe5 9. Be2 b6 10. O-O Bxd2 11. Qxd2 Bb7 12. Rad1 d6 13. Qb4 O-O 14. f3 Ng6
15. Qd2 Nxf4 16. exf4 a5 17. Rde1 Qf6 18. b3 Rfe8 19. Bd3 g6 20. Be4 Bxe4 21.
fxe4 Qg7 22. Rf2 Re7 23. Qb2 f6 24. Rfe2 Rae8 {Game drawn by mutual agreement}
1/2-1/2

[Event "Team 45 45 League T64"]
[Site "Internet Chess Club"]
[Date "2015.03.19"]
[Round "3"]
[White "nilobasenji"]
[Black "Greedy-Reedy"]
[Result "1/2-1/2"]
[WhiteElo "1858"]
[BlackElo "1930"]
[Opening "Nimzo-Indian: three knights variation"]
[ECO "E21"]
[Time "13:00:15"]
[TimeControl "2700+45"]

1. d4 Nf6 2. c4 e6 3. Nc3 Bb4 4. Nf3 c5 5. g3 Bxc3+ 6. bxc3 Qa5 7. Qc2 b6 8. Bg2
Bb7 9. O-O Be4 10. Qb2 h6 11. Bf4 O-O 12. Rfd1 Nc6 13. Bd6 Rfc8 14. Bf1 Ne8 15.
Bf4 g5 16. Be3 Nf6 17. Nd2 Bg6 18. Bg2 Rab8 19. Nb3 Qa4 20. Nd2 a6 21. Qb3 Bc2
22. Qxa4 Bxa4 23. Rdc1 Na5 24. Rab1 d6 25. d5 Bd7 26. Rb2 b5 27. h4 Ng4 28. hxg5
Nxe3 29. fxe3 hxg5 30. cxb5 axb5 31. Rcb1 exd5 32. Bxd5 Re8 33. Kf2 Re5 34. e4
g4 35. a4 b4 36. cxb4 cxb4 37. Rxb4 Rxb4 38. Rxb4 Kg7 39. Nc4 Nxc4 40. Rxc4 Be6
41. Rd4 Bxd5 42. exd5 f5 43. e3 Kf6 44. a5 Re8 45. Rb4 Rc8 46. e4 Rc2+ {Game
drawn by mutual agreement} 1/2-1/2

[Event "Team 45 45 League T64"]
[Site "Internet Chess Club"]
[Date "2015.03.20"]
[Round "3"]
[White "sharky123"]
[Black "beitmery"]
[Result "1-0"]
[WhiteElo "1838"]
[BlackElo "1696"]
[Opening "Caro-Kann: classical, 6.h4"]
[ECO "B19"]
[Time "16:01:47"]
[TimeControl "2700+45"]

1. e4 c6 2. d4 d5 3. Nc3 dxe4 4. Nxe4 Bf5 5. Ng3 Bg6 6. h4 h6 7. Nf3 e6 8. h5
Bh7 9. Ne5 Nf6 10. Bd3 Bxd3 11. Qxd3 Bd6 12. f4 O-O 13. Bd2 Nbd7 14. O-O-O Qe7
15. Ne2 Rac8 16. g4 Bxe5 17. fxe5 Nxg4 18. Qg3 f5 19. exf6 Ndxf6 20. Nf4 Qc7 21.
Qg2 Rfe8 22. Rde1 e5 23. dxe5 Rxe5 24. Rxe5 Qxe5 25. Ng6 Qc7 26. Re1 Kh7 27. Re7
Qb6 28. Bc3 Rg8 29. Bxf6 Nxf6 30. Nf8+ Kh8 31. Qg6 Qf2 32. Qh7+ Nxh7 33. Ng6#
{Black checkmated} 1-0

[Event "Team 45 45 League T64"]
[Site "Internet Chess Club"]
[Date "2015.03.24"]
[Round "3"]
[White "bondguy01"]
[Black "Holzschlange"]
[Result "1-0"]
[WhiteElo "1793"]
[BlackElo "1810"]
[Opening "QGD: Tarrasch, Prague variation, Normal position"]
[ECO "D34"]
[Time "19:10:00"]
[TimeControl "2700+45"]

1. Nf3 d5 2. c4 e6 3. g3 c5 4. cxd5 exd5 5. d4 Nc6 6. Nc3 Nf6 7. Bg2 Be7 8. O-O
O-O 9. b3 Ne4 10. Bb2 Re8 11. dxc5 Nxc3 12. Bxc3 Bxc5 13. e3 Bg4 14. h3 Be6 15.
Qd2 Qd7 16. Kh2 Rad8 17. Rfd1 Bb6 18. Rac1 Qe7 19. Qb2 f6 20. Nd4 Ne5 21. Nxe6
Qxe6 22. Bd4 Nd7 23. b4 Re7 24. Qb3 Qf5 25. Qxd5+ Qxd5 26. Bxd5+ Kh8 27. Bxb7
{Black resigns} 1-0

[Event "Team 45 45 League T64"]
[Site "Internet Chess Club"]
[Date "2015.03.19"]
[Round "3"]
[White "Warpdrive"]
[Black "Chess-Boy"]
[Result "0-1"]
[WhiteElo "1618"]
[BlackElo "1655"]
[Opening "Ruy Lopez: closed"]
[ECO "C90"]
[Time "20:02:56"]
[TimeControl "2700+45"]

1. e4 e5 2. Nf3 Nc6 3. Bb5 a6 4. Ba4 Nf6 5. O-O b5 6. Bb3 Be7 7. Re1 d6 8. c3
Na5 9. d4 Nxb3 10. axb3 Bg4 11. Bg5 O-O 12. Nbd2 c5 13. d5 Nxd5 14. Bxe7 Nxe7
15. c4 Qc7 16. Nf1 f5 17. exf5 Nxf5 18. Ne3 Bxf3 19. Qxf3 Nd4 20. Qd5+ Qf7 21.
Qxf7+ Rxf7 22. cxb5 Nxb5 23. Nd5 Nd4 {White resigns} 0-1

[Event "Team 45 45 League T64"]
[Site "Internet Chess Club"]
[Date "2015.03.22"]
[Round "3"]
[White "clarinetref"]
[Black "tryanything"]
[Result "1/2-1/2"]
[WhiteElo "1576"]
[BlackElo "1565"]
[Opening "Ruy Lopez: open, Tartakower variation"]
[ECO "C80"]
[Time "19:49:40"]
[TimeControl "2700+45"]

1. e4 e5 2. Nf3 Nc6 3. Bb5 a6 4. Ba4 Nf6 5. O-O Nxe4 6. Qe2 Nc5 7. Bxc6 dxc6 8.
Qxe5+ Qe7 9. d4 Qxe5 10. Nxe5 Ne6 11. c3 Bd6 12. f4 f6 13. Nd3 O-O 14. Be3 b6
15. Nd2 a5 16. Rae1 Ba6 17. c4 Rae8 18. b3 c5 19. dxc5 Nxc5 20. Nxc5 bxc5 21.
Nf3 a4 22. Bd2 axb3 23. axb3 Bb7 24. Nh4 Be4 25. f5 Bc2 26. Rxe8 Rxe8 27. Rf3
Re2 28. Ba5 Be4 29. Rh3 Rb2 30. Re3 Bc2 31. Re8+ Kf7 32. Rc8 Bxb3 33. Bxc7 Be7
34. Bb6 Bxc4 35. Bxc5 Bxc5+ 36. Rxc5 Bd3 {Game drawn by mutual agreement}
1/2-1/2

[Event "Team 45 45 League T64"]
[Site "Internet Chess Club"]
[Date "2015.03.23"]
[Round "3"]
[White "lilith"]
[Black "PostMike"]
[Result "1-0"]
[WhiteElo "1595"]
[BlackElo "1466"]
[Opening "Queen's pawn game"]
[ECO "A46"]
[Time "17:00:16"]
[TimeControl "2700+45"]

1. d4 Nf6 2. Nf3 e6 3. Bf4 b6 4. e3 Bb7 5. Nbd2 d6 6. Bd3 h6 7. O-O Nh5 8. Re1
Nxf4 9. exf4 Be7 10. f5 exf5 11. Qe2 g6 12. Qe3 f6 13. Re2 a6 14. Rae1 Nc6 15.
d5 Ne5 16. Nh4 Bxd5 17. f4 Nc6 18. Nxg6 Rh7 19. Bxf5 Rg7 20. Qh3 Kf7 21. Qxh6
Qg8 22. c4 Rxg6 23. Bxg6+ Qxg6 24. Qxg6+ Kxg6 25. cxd5 {Black resigns} 1-0

[Event "Team 45 45 League T64"]
[Site "Internet Chess Club"]
[Date "2015.03.22"]
[Round "3"]
[White "kutch"]
[Black "ShadowKing"]
[Result "1-0"]
[WhiteElo "1554"]
[BlackElo "1369"]
[Opening "QGD: 4.Bg5 Be7"]
[ECO "D53"]
[Time "19:00:31"]
[TimeControl "2700+45"]

1. d4 d5 2. c4 e6 3. Nc3 Nf6 4. Bg5 Be7 5. Nf3 Nc6 6. e3 h6 7. Bh4 O-O 8. a3 Bd7
9. Bxf6 Bxf6 10. cxd5 exd5 11. Nxd5 Be6 12. Nxf6+ Qxf6 13. Be2 Bd5 14. O-O Rad8
15. Rc1 Rfe8 16. Re1 Be4 17. Bd3 Bxd3 18. Qxd3 Rd7 19. Qb5 Rb8 20. Rc2 a6 21.
Qe2 Ne7 22. Ne5 Rd6 23. Rxc7 Qe6 24. Rec1 f6 25. Nf3 Nd5 26. R7c2 Qd7 27. Qc4
Rc6 28. Qb3 Rxc2 29. Qxc2 Kh8 30. h3 Ne7 31. Qc7 Qe8 32. Qa5 Nc6 33. Qb6 Qd7 34.
Nd2 Rc8 35. Nb3 Ne7 36. Rxc8+ Nxc8 37. Qc5 Kg8 38. Qc4+ Kf8 39. e4 Nd6 40. Qd5
Ke7 41. e5 fxe5 42. dxe5 Nf5 43. Qxd7+ Kxd7 44. Nc5+ Kc6 45. Nd3 Kd5 46. g4 Nh4
47. Kf1 Nf3 48. Kg2 Nxe5 49. Nxe5 Kxe5 50. Kf3 Kf6 51. Kf4 g5+ 52. Ke4 Ke6 53.
f4 gxf4 54. Kxf4 Kf6 55. h4 Kg6 56. Ke5 b5 57. Kd5 Kf6 58. Kc5 Ke5 59. Kb6 Kf4
60. g5 hxg5 61. hxg5 Kxg5 62. Kxa6 Kf4 63. Kxb5 {Black resigns} 1-0

[Event "Team 45 45 League T64"]
[Site "Internet Chess Club"]
[Date "2015.03.22"]
[Round "3"]
[White "mkoga"]
[Black "Aquaman"]
[Result "1-0"]
[WhiteElo "1451"]
[BlackElo "1366"]
[Opening "QP counter-gambit (elephant gambit)"]
[ECO "C40"]
[Time "15:00:30"]
[TimeControl "2700+45"]

1. e4 e5 2. Nf3 d5 3. d3 dxe4 4. Nxe5 Bd6 5. Nc4 Be7 6. Nc3 Nf6 7. h3 Bf5 8. Bf4
c6 9. Qd2 exd3 10. Bxd3 Bxd3 11. cxd3 O-O 12. O-O-O Bb4 13. a3 Bxc3 14. Qxc3 Nd5
15. Qd2 Nxf4 16. Qxf4 Nd7 17. g4 Nc5 18. d4 Ne6 19. Qe5 Qg5+ 20. Kb1 Qf4 21. Rd2
Rad8 22. Rhd1 Rd5 23. Qxf4 Nxf4 24. Ne3 Rdd8 25. Kc2 Nxh3 26. Kc3 Ng5 27. Kc4
Ne4 28. Re2 Nd6+ 29. Kc5 Ne4+ 30. Kb4 Nf6 31. g5 Nd5+ 32. Kc5 Nxe3 33. Rxe3 Rd5+
34. Kc4 Rxg5 35. Re7 Rb8 36. Rde1 g6 37. Re8+ Rxe8 38. Rxe8+ Kg7 39. a4 b5+ 40.
axb5 cxb5+ 41. Kb4 Rd5 42. Ra8 Rxd4+ 43. Kxb5 Rd2 44. b4 Rxf2 45. Rxa7 Rf5+ 46.
Kc6 Rf6+ 47. Kc7 h5 48. b5 h4 49. b6 Rxb6 50. Kxb6 h3 51. Ra3 g5 52. Rxh3 f6 53.
Kc5 Kg6 54. Kd4 f5 55. Ke3 g4 56. Rg3 Kg5 57. Kf2 f4 58. Rd3 g3+ 59. Kf3 Kh4 60.
Kxf4 {Black resigns} 1-0

[Event "Team 45 45 League T64"]
[Site "Internet Chess Club"]
[Date "2015.03.24"]
[Round "3"]
[White "moodle"]
[Black "craftsman49868"]
[Result "0-1"]
[WhiteElo "1631"]
[BlackElo "1661"]
[Opening "Robatsch defense"]
[ECO "B06"]
[Time "20:00:28"]
[TimeControl "2700+45"]

1. e4 g6 2. d4 Bg7 3. Nc3 c5 4. d5 d6 5. Bd2 Nf6 6. Be2 O-O 7. Nf3 e6 8. Bg5
exd5 9. exd5 h6 10. Bf4 g5 11. Bg3 Nh5 12. O-O f5 13. h3 Nxg3 14. fxg3 Nd7 15.
Rb1 a6 16. Qd2 b5 17. a3 Nf6 18. Kh2 Qb6 19. b4 Bd7 20. Rbd1 Rac8 21. Bd3 cxb4
22. axb4 Rxc3 23. Be2 Ne4 24. Qc1 Nxg3 25. Qd2 g4 26. hxg4 fxg4 27. Nh4 Nxf1+
28. Bxf1 Rf2 29. Qe1 Rh3+ {White resigns} 0-1

[Event "Team 45 45 League T64"]
[Site "Internet Chess Club"]
[Date "2015.03.19"]
[Round "3"]
[White "mongmong"]
[Black "Elton2013"]
[Result "1-0"]
[WhiteElo "1523"]
[BlackElo "1552"]
[Opening "King's Indian, 3.Nf3"]
[ECO "E60"]
[Time "19:05:10"]
[TimeControl "2700+45"]

1. d4 Nf6 2. Nf3 g6 3. c4 c5 4. Nc3 e6 5. Bg5 Bg7 6. d5 exd5 7. Nxd5 d6 8. e3
O-O 9. Bd3 Nbd7 10. O-O h6 11. Bxf6 Nxf6 12. Nxf6+ Qxf6 13. Rb1 Rd8 14. Nd2 b6
15. Be4 Rb8 16. Qf3 Qxf3 17. Nxf3 Bb7 18. Bxb7 Rxb7 19. Rfd1 Rbd7 20. Rd5 f5 21.
b3 Rf8 22. Rbd1 Rf6 23. Nd2 Re6 24. Kf1 f4 25. exf4 Rde7 26. Nf3 Rd7 27. f5 gxf5
28. Rxf5 Rde7 29. Rfd5 Re2 30. R5d2 Rxd2 31. Nxd2 d5 32. cxd5 Bd4 33. Nf3 Rd7
34. Nxd4 Rxd5 35. Ke2 cxd4 36. Kd3 Kf7 37. Re1 Kf6 38. Re4 Rf5 39. f4 Rh5 40. h3
Ra5 41. a4 b5 42. Rxd4 bxa4 43. bxa4 Ra6 44. g4 Rb6 45. h4 a6 46. Ke4 Re6+ 47.
Kd5 Re7 48. Re4 Rd7+ 49. Kc6 Rg7 50. g5+ hxg5 51. hxg5+ Kf5 52. Rd4 Re7 53. Rc4
Kg6 54. Kb6 Kh5 55. Kxa6 Re6+ 56. Kb5 Re1 57. a5 Rb1+ 58. Rb4 Rd1 59. a6 Rd5+
60. Kb6 Rd6+ 61. Ka5 Rd5+ 62. Rb5 Rd1 63. a7 Ra1+ 64. Kb6 Ra4 65. Kb7 Ra3 66.
a8=Q Rxa8 67. Kxa8 Kg6 68. f5+ Kxg5 69. f6+ Kxf6 70. Rd5 Ke6 71. Rd1 Ke5 72. Kb7
Ke4 73. Kc6 Ke5 74. Rd8 Ke4 75. Kc5 Ke5 76. Re8+ Kf4 77. Kd5 Kf3 78. Kd4 Kf4 79.
Rf8+ Kg4 80. Ke5 Kg5 81. Rg8+ Kh4 82. Kf5 Kh3 83. Kf4 Kh2 84. Kf3 Kh1 85. Kg3
Kg1 86. Rf8 Kh1 {Black resigns} 1-0

[Event "Team 45 45 League T64"]
[Site "Internet Chess Club"]
[Date "2015.03.20"]
[Round "3"]
[White "karthikkallam"]
[Black "QuimCatala"]
[Result "1-0"]
[WhiteElo "1300"]
[BlackElo "1497"]
[Opening "Sicilian defense"]
[ECO "B30"]
[Time "17:03:35"]
[TimeControl "2700+45"]

1. e4 c5 2. Nf3 Nc6 3. Bc4 h6 4. Nc3 e5 5. O-O d6 6. d3 Nf6 7. Be3 a6 8. a4 Bg4
9. h3 Bh5 10. Nd5 Be7 11. Nxf6+ Bxf6 12. Bd5 Qc7 13. Qe2 Nd4 14. Bxd4 cxd4 15.
Rfc1 O-O 16. c4 Rac8 17. b3 b6 18. g3 Bg5 19. Rcb1 Qd7 20. Kg2 Kh8 21. Nxe5 Bxe2
22. Nxd7 Bxd3 23. Nxf8 Rxf8 24. Rb2 f5 25. exf5 Bxf5 26. Re1 Bf6 27. g4 d3 28.
Rd2 Bc3 29. gxf5 Bxd2 30. Rd1 Bg5 31. Rxd3 Rxf5 32. Be6 Rf6 33. Rxd6 Bh4 34. f3
Rg6+ 35. Kf1 Rf6 36. Rxb6 Rxf3+ 37. Ke2 Rf2+ 38. Ke3 a5 39. Rb8+ Kh7 40. Bg8+
Kg6 41. Rb6+ Rf6 42. Rxf6+ Bxf6 43. c5 Be5 44. c6 Kf6 45. Ke4 Bc7 46. Kd5 Ke7
47. Bh7 Kf6 48. Be4 h5 49. h4 Bg3 50. Bf3 g6 51. Be2 Bc7 52. Kc5 g5 53. Bxh5
gxh4 54. Bg4 Ke5 55. Bd7 Kf4 56. b4 Kg3 57. bxa5 Bxa5 58. Kb5 Bc7 59. a5 h3 60.
Bxh3 Kxh3 61. a6 Bb8 62. Kb6 Kg4 63. c7 Bxc7+ 64. Kxc7 Kf5 65. a7 Ke6 66. a8=Q
Ke5 67. Qa4 Kd5 68. Qa6 Kd4 69. Qa5 Kc4 70. Kd6 Kb3 71. Qh5 Kb4 72. Kc6 Kc3 73.
Qh4 Kd3 74. Kd5 Ke3 75. Qe4+ Kf2 76. Qd3 Kg2 77. Ke4 Kh1 78. Qc2 Kg1 79. Kf3 Kh1
80. Qg2# {Black checkmated} 1-0

[Event "Team 45 45 League T64"]
[Site "Internet Chess Club"]
[Date "2015.03.20"]
[Round "3"]
[White "JohLeb"]
[Black "Coolio9000"]
[Result "1-0"]
[WhiteElo "1332"]
[BlackElo "1188"]
[Opening "QGD Slav: 4.Nc3"]
[ECO "D15"]
[Time "13:00:13"]
[TimeControl "2700+45"]

1. d4 d5 2. c4 c6 3. Nc3 Nf6 4. Nf3 Bf5 5. Bg5 e6 6. e3 Bd6 7. Bd3 Bxd3 8. Qxd3
Nbd7 9. O-O e5 10. Qe2 e4 11. Nd2 O-O 12. f3 exf3 13. Rxf3 Bxh2+ 14. Kxh2 Ng4+
15. Kg1 Qxg5 16. Raf1 Qh4 17. Rh3 Qg5 18. Rg3 Ndf6 19. Nf3 Qf5 20. Ne5 Qe6 21.
Nxg4 Nxg4 22. Qxg4 Qh6 23. Rh3 Qd6 24. c5 Qg6 25. Qxg6 fxg6 26. Rhf3 Rxf3 27.
Rxf3 h5 28. a3 g5 29. Rf5 Rf8 30. Rxg5 Re8 31. Kf2 h4 32. Ke2 Rf8 33. Rh5 a5 34.
Rxh4 b5 35. g3 b4 36. axb4 axb4 37. Nd1 g5 38. Rh6 Kg7 39. Rxc6 Rh8 40. Rc7+ Kf6
41. g4 Rh4 42. Nf2 Rh8 43. Rb7 Rc8 44. Rxb4 Ke7 45. Rb6 Kd7 46. b4 Kc7 47. Rg6
Rb8 48. Rxg5 Rxb4 49. Rxd5 Rb2+ 50. Kf3 Kc6 51. Rf5 Rb1 52. g5 Rg1 53. Rf6+ Kc7
54. g6 Kc8 55. Ng4 Kd8 56. Kf4 Ke7 57. c6 Rxg4+ 58. Kxg4 Kxf6 59. g7 Kxg7 60. c7
Kf6 61. c8=Q Kg6 62. Qf5+ Kg7 63. Kg5 Kh8 64. Qd7 Kg8 65. Kg6 Kh8 66. Qg7#
{Black checkmated} 1-0

[Event "Team 45 45 League T64"]
[Site "Internet Chess Club"]
[Date "2015.03.21"]
[Round "3"]
[White "Chess4Him"]
[Black "FosterChess"]
[Result "1-0"]
[WhiteElo "1548"]
[BlackElo "1482"]
[Opening "King's Indian: London system"]
[ECO "A45"]
[Time "12:00:42"]
[TimeControl "2700+45"]

1. d4 Nf6 2. Bf4 g6 3. Nf3 Bg7 4. e3 d5 5. Be2 Nc6 6. c3 Ne4 7. Nbd2 Bg4 8. h3
Bf5 9. g4 Be6 10. Qc2 Nxd2 11. Nxd2 a5 12. h4 Qd7 13. f3 b6 14. Bb5 O-O 15. Qa4
Qc8 16. Bxc6 Rb8 17. h5 Qa6 18. Qb5 Qc8 19. hxg6 fxg6 20. Bxd5 Bxd5 21. Qxd5+
Kh8 22. Qg5 Qd7 23. Qxg6 h6 24. Bxh6 {Black resigns} 1-0

[Event "Team 45 45 League T64"]
[Site "Internet Chess Club"]
[Date "2015.03.23"]
[Round "3"]
[White "browndeer"]
[Black "pokerram"]
[Result "1-0"]
[WhiteElo "1658"]
[BlackElo "1757"]
[Opening "Sicilian: Kan, 5.Nc3"]
[ECO "B43"]
[Time "20:00:37"]
[TimeControl "2700+45"]

1. e4 c5 2. Nf3 e6 3. d4 cxd4 4. Nxd4 a6 5. Nc3 Qc7 6. Be2 Nf6 7. Be3 Bb4 8. Qd3
d5 9. exd5 Nxd5 10. Bd2 Nxc3 11. Bxc3 Bxc3+ 12. Qxc3 Qxc3+ 13. bxc3 O-O 14. O-O
Re8 15. Rab1 e5 16. Nb3 Bf5 17. Bd3 e4 18. Be2 Nd7 19. Nd4 Bg6 20. Rxb7 Nc5 21.
Rbb1 Na4 22. Rb3 Rec8 23. Ra3 Nc5 24. c4 Rab8 25. Nb3 Ra8 26. Ra5 Nb7 27. Rd5 f6
28. Rd4 f5 29. Rd7 Nd8 30. Rd4 Ne6 31. Rd2 Nf4 32. c5 Nxe2+ 33. Rxe2 Rd8 34. Rd2
Rxd2 35. Nxd2 Kf7 36. Nb3 Kf6 37. Rd1 Ke5 38. Kf1 f4 39. Ke2 Bh5+ 40. f3 e3 41.
Rd7 Be8 42. Rxg7 Bb5+ 43. Ke1 Rd8 44. Rc7 a5 45. Rb7 Ba6 46. Rb6 Bc4 47. c6 Rg8
48. Nxa5 Bxa2 49. c7 Be6 50. Nc6+ Kd6 51. Nd4+ Kxc7 52. Rxe6 Rxg2 53. Re7+ Kb6
54. Rxh7 Rg1+ 55. Ke2 Rg2+ 56. Kf1 Rf2+ 57. Ke1 Rd2 58. Rh6+ Kb7 59. c3 Rg2 60.
Rh4 Rg1+ 61. Ke2 Rg2+ 62. Kf1 Rf2+ 63. Ke1 Rg2 64. Rxf4 Rxh2 65. Re4 Kb6 66.
Rxe3 Kc5 67. f4 Kd5 68. f5 Rh8 69. f6 Rf8 70. Rf3 Rf7 71. Rf5+ Ke4 72. Ke2 Rf8
73. f7 {Black resigns} 1-0

[Event "Team 45 45 League T64"]
[Site "Internet Chess Club"]
[Date "2015.03.22"]
[Round "3"]
[White "KidRattler"]
[Black "TacoCrafterHD"]
[Result "1/2-1/2"]
[WhiteElo "1463"]
[BlackElo "1456"]
[Opening "Four knights: Italian variation"]
[ECO "C47"]
[Time "18:02:37"]
[TimeControl "2700+45"]

1. e4 e5 2. Nf3 Nc6 3. Nc3 Nf6 4. Bc4 Bb4 5. d3 h6 6. Bd2 d6 7. O-O O-O 8. Nd5
Bc5 9. h3 Be6 10. Nxf6+ Qxf6 11. Bxe6 fxe6 12. Be3 Bb6 13. Nd2 Ne7 14. Qf3 Qxf3
15. Nxf3 Ng6 16. Bxb6 cxb6 17. Nd2 b5 18. g3 Rac8 19. c3 Rf7 20. c4 bxc4 21.
Nxc4 Rc6 22. f3 d5 23. exd5 exd5 24. Ne3 d4 25. Nc4 b5 26. Na5 Rc2 27. Rf2 Rxf2
28. Kxf2 Rc7 29. Re1 Kf7 30. Nb3 Kf6 31. Rc1 Rxc1 32. Nxc1 Ne7 33. Nb3 Nc6 34.
a3 g5 35. Nc5 Ke7 36. b4 Nd8 37. g4 Ne6 38. Nxe6 Kxe6 39. Kg3 Kf6 40. h4 Ke6 41.
hxg5 hxg5 42. Kf2 Kd5 43. Ke2 Ke6 44. Kd2 a6 45. Kc2 Kd6 46. Kb3 Kd5 47. a4 Kc6
48. a5 Kd5 49. Kc2 Ke6 50. Kd2 Kd6 51. Ke2 Ke6 52. Kf2 Kd6 53. Ke2 Ke6 54. Kf2
Kd6 55. Ke2 Ke6 56. Kf1 Kd6 57. Ke2 Ke6 {Game drawn by repetition} 1/2-1/2

[Event "Team 45 45 League T64"]
[Site "Internet Chess Club"]
[Date "2015.03.22"]
[Round "3"]
[White "almond123"]
[Black "Just-Jim"]
[Result "1-0"]
[WhiteElo "1539"]
[BlackElo "1327"]
[Opening "King's pawn opening"]
[ECO "B07"]
[Time "15:00:55"]
[TimeControl "2700+45"]

1. e4 d6 2. d4 f6 3. Nf3 e5 4. dxe5 fxe5 5. Nc3 Bg4 6. h3 Bh5 7. Be2 h6 8. Be3
Nf6 9. O-O Bg6 10. Nd2 Be7 11. f3 O-O 12. Bc4+ Kh8 13. Nb3 Nh5 14. Nd5 Bg5 15.
Bf2 c6 16. Nc3 Nf4 17. Ne2 Bh4 18. Bxh4 Nxh3+ 19. gxh3 Qxh4 20. Qe1 Qxh3 21. Qg3
Qh5 22. Kg2 Nd7 23. Rh1 Nb6 24. Rxh5 Bxh5 25. Bd3 Bxf3+ 26. Kh2 Bh5 27. Rg1 Rg8
28. Qh3 Bf7 29. Ng3 Rae8 30. Be2 Be6 31. Bg4 Bf7 32. Nf5 Kh7 33. Bh5 Bxh5 34.
Qxh5 Nc4 35. Rxg7+ Rxg7 36. Qxh6+ Kg8 37. Qxg7# {Black checkmated} 1-0

[Event "Team 45 45 League T64"]
[Site "Internet Chess Club"]
[Date "2015.03.21"]
[Round "3"]
[White "room-matt"]
[Black "otherook"]
[Result "1-0"]
[WhiteElo "1919"]
[BlackElo "1746"]
[Opening "French: Rubinstein, Capablanca line"]
[ECO "C10"]
[Time "12:06:36"]
[TimeControl "2700+45"]

1. d4 e6 2. e4 d5 3. Nc3 dxe4 4. Nxe4 Nd7 5. Nf3 Ngf6 6. Nxf6+ Nxf6 7. Ne5 c5 8.
c3 a6 9. Be3 Qc7 10. Bf4 Bd6 11. Bc4 cxd4 12. Qxd4 Qc5 13. Rd1 Qxd4 14. Rxd4
Bxe5 15. Bxe5 O-O 16. O-O b5 17. Bd3 Bb7 18. Rd1 Bd5 19. Bxf6 gxf6 20. Rg4+ Kh8
21. Rh4 f5 22. Bxf5 Kg7 23. Rxh7+ Kf6 24. Bb1 Rg8 25. g3 a5 26. h4 b4 27. Rd4
bxc3 28. bxc3 Rab8 29. Bd3 Bxa2 30. Rf4+ Ke5 31. Rfxf7 Rgd8 32. Rh5+ Kd6 33.
Rxa5 {Black resigns} 1-0

[Event "Team 45 45 League T64"]
[Site "Internet Chess Club"]
[Date "2015.03.18"]
[Round "3"]
[White "Jyzzslynggur"]
[Black "uzi"]
[Result "1/2-1/2"]
[WhiteElo "1736"]
[BlackElo "1866"]
[Opening "Queen's pawn: Charlick (Englund) gambit"]
[ECO "A40"]
[Time "18:03:00"]
[TimeControl "2700+45"]

1. d4 e5 2. dxe5 Nc6 3. Nf3 Qe7 4. Bg5 Qb4+ 5. Nc3 Qxb2 6. Bd2 Nb4 7. Nd4 Na6 8.
Rb1 Qa3 9. e4 Qc5 10. Bxa6 Qxd4 11. Bxb7 Bxb7 12. Rxb7 Qxe5 13. f4 Qd4 14. Qf3
c6 15. Qd3 Bc5 16. Qxd4 Bxd4 17. Ke2 O-O-O 18. Rb4 Bb6 19. g4 h5 20. g5 Re8 21.
Rhb1 d5 22. Kf3 Ne7 23. a4 dxe4+ 24. Nxe4 Nf5 25. a5 Nd4+ 26. Rxd4 Bxd4 27. Nd6+
Kc7 28. Nxe8+ Rxe8 29. f5 a6 30. Bf4+ Be5 31. Rb6 Bxf4 32. Kxf4 Re1 33. Rxa6 Kb7
34. Rb6+ Kc7 35. c4 Ra1 36. Rb3 Rxa5 37. Re3 Kd6 38. Rd3+ Kc7 39. h4 Ra4 40. Rd4
c5 41. Re4 Kd6 42. g6 f6 43. Ke3 Kd7 44. Kd3 Ra3+ 45. Ke2 Ra4 46. Kf3 Rb4 47.
Ke3 Ra4 48. Kd2 Ra2+ 49. Ke3 Ra4 {Game drawn by repetition} 1/2-1/2

[Event "Team 45 45 League T64"]
[Site "Internet Chess Club"]
[Date "2015.03.22"]
[Round "3"]
[White "rayngrant"]
[Black "OzymandiasVII"]
[Result "0-1"]
[WhiteElo "1543"]
[BlackElo "1695"]
[Opening "Scandinavian: Pytel-Wade variation"]
[ECO "B01"]
[Time "12:06:49"]
[TimeControl "2700+45"]

1. e4 d5 2. exd5 Qxd5 3. Nc3 Qd6 4. d4 c6 5. Nf3 Bg4 6. Be2 Nf6 7. O-O e6 8. Ne5
Bxe2 9. Nxe2 Be7 10. c4 O-O 11. Re1 Na6 12. b3 Qd8 13. a3 Qc7 14. Bf4 Bd6 15.
Nc3 Rad8 16. Qf3 Qe7 17. b4 Bb8 18. Rad1 Nd7 19. Qg3 Nxe5 20. Bxe5 Bxe5 21. Qxe5
Nb8 22. d5 cxd5 23. cxd5 Nd7 24. Qc7 Rc8 25. Qg3 Qf6 26. Re3 e5 27. Ne4 Qf5 28.
Nd6 Qc2 29. Rde1 Rc7 30. Qg4 Qg6 31. Qxg6 hxg6 32. Nb5 Rc4 33. Rd1 a6 34. Nd6
Rc7 35. Ne4 Rd8 36. d6 Rc4 37. Nd2 Rd4 38. Ree1 Nb6 39. Rxe5 R4xd6 {White
resigns} 0-1

[Event "Team 45 45 League T64"]
[Site "Internet Chess Club"]
[Date "2015.03.21"]
[Round "3"]
[White "kingphisch"]
[Black "julesraider"]
[Result "1/2-1/2"]
[WhiteElo "1517"]
[BlackElo "1578"]
[Opening "Caro-Kann: Panov-Botvinnik attack"]
[ECO "B13"]
[Time "13:02:26"]
[TimeControl "2700+45"]

1. e4 c6 2. d4 d5 3. exd5 cxd5 4. c4 Nf6 5. Nc3 Nc6 6. Bg5 Bg4 7. Qd2 e6 8. f3
Bf5 9. cxd5 exd5 10. Bb5 Be7 11. Nge2 O-O 12. Bxc6 bxc6 13. Bxf6 Bxf6 14. O-O
Rb8 15. Nc1 Qb6 16. Nb3 Qb4 17. Rfd1 Rfe8 18. Ne2 Qb5 19. Nc3 Qb4 20. Ne2 Qc4
21. Nc3 h6 22. Rac1 Qb4 23. Ne2 Qd6 24. Qf4 Qd7 25. Qd2 Bg5 26. f4 Be7 27. Nc3
Bb4 28. Qf2 Qd6 29. Na4 Re7 30. Nac5 Rbe8 31. a3 Re2 32. Qf1 Bxc5 33. dxc5 Qg6
34. Nd4 Rxb2 35. Nxf5 Qxf5 36. Re1 Rxe1 37. Rxe1 Qc2 38. Rc1 Qe4 39. Re1 Qd4+
40. Kh1 Qxc5 41. f5 Kf8 42. f6 Qf2 43. Qxf2 Rxf2 44. fxg7+ Kxg7 45. Kg1 Ra2 46.
Rc1 d4 47. Rxc6 d3 48. Rd6 d2 49. Kf1 Rxa3 50. Rxd2 a5 51. Ke2 a4 52. Rb2 Rb3
53. Rxb3 axb3 54. Kd2 f5 55. Kc3 Kf6 56. Kxb3 Ke5 57. Kc3 Ke4 58. Kd2 f4 59. Ke2
h5 60. h4 Ke5 61. Kd3 Kf5 62. Ke2 Kg4 63. Kf2 Kxh4 64. Kf3 Kg5 65. g3 fxg3 66.
Kxg3 h4+ 67. Kh3 Kh5 68. Kh2 Kg4 69. Kg2 h3+ 70. Kh2 Kh4 71. Kh1 Kg3 72. Kg1
{Game drawn by mutual agreement} 1/2-1/2